ITL
TUSCALOOSA TROUT SLAYERS @ ALLENTOWN HILLBILLIES
08/10/2030
 
TOP OF THE 1ST
Tuscaloosa Trout Slayers batting - Pitching for Allentown Hillbillies : RHP Cory Powell
Pitching: RHP Cory Powell
Batting: LHB Manuel Ortega 0-0: Ground out 4-3 (Groundball, 34D)
Batting: LHB Ed Murray 0-0: Ball
1-0: Ball
2-0: Swinging Strike
2-1: Foul Ball, location: 2F
2-2: SINGLE (Groundball, 6D)
Batting: LHB Eddy Jefferson 0-0: Called Strike
0-1: Fly out, F9 (Flyball, 89S)
Batting: LHB Marcos Villarreal 0-0: Ball
1-0: Called Strike
1-1: Called Strike
Ed Murray is caught stealing 2nd base
Top of the 1st over - 0 runs, 1 hit, 0 errors, 0 left on base; Tuscaloosa 0 - Allentown 0
BOTTOM OF THE 1ST
Allentown Hillbillies batting - Pitching for Tuscaloosa Trout Slayers : RHP Rafael Ramírez
Pitching: RHP Rafael Ramírez
Batting: LHB Júlio Lorenzo 0-0: Called Strike
0-1: Ground out 4-3 (Groundball, 4)
Batting: SHB Travis Martin 0-0: Ball
1-0: Called Strike
1-1: DOUBLE (Line Drive, 8RD)
Batting: RHB Albert Lutz 0-0: Ball
1-0: Called Strike
1-1: Called Strike
1-2: Ball
2-2: Fly out, F7 (Flyball, 7D)
Runner from 2nd tags up, SAFE at 3rd, no throw
Batting: RHB Germano Labrego 0-0: Foul Ball, location: 2F
0-1: Ball
1-1: Fly out, F4 (Line Drive, 4M)
Bottom of the 1st over - 0 runs, 1 hit, 0 errors, 1 left on base; Tuscaloosa 0 - Allentown 0
TOP OF THE 2ND
Tuscaloosa Trout Slayers batting - Pitching for Allentown Hillbillies : RHP Cory Powell
Batting: LHB Marcos Villarreal 0-0: Ball
1-0: Fly out, F7 (Flyball, 7LMF)
Batting: LHB Ed Hart 0-0: Ball
1-0: Foul Ball, location: 2F
1-1: Ball
2-1: Ball
3-1: Foul Ball, location: 2F
3-2: Strikes out swinging
Batting: RHB José Pinto 0-0: Ball
1-0: Ball
2-0: Foul Ball, location: 2F
2-1: Foul Ball, location: 2F
2-2: Ground out 5-3 (Groundball, 56)
Top of the 2nd over - 0 runs, 0 hits, 0 errors, 0 left on base; Tuscaloosa 0 - Allentown 0
BOTTOM OF THE 2ND
Allentown Hillbillies batting - Pitching for Tuscaloosa Trout Slayers : RHP Rafael Ramírez
Batting: RHB Germán Romero 0-0: Foul Ball, location: 2F
0-1: Called Strike
0-2: Ball
1-2: SINGLE (Line Drive, 7S)
Batting: RHB Jeff Townsley 0-0: Foul Ball, location: 2F
0-1: Foul Ball, location: 2F
0-2: Ball
1-2: Grounds into double play, 4-6-3 (Groundball, 4M)
Batting: RHB Von Ford 0-0: Ball
1-0: Ball
2-0: Called Strike
2-1: Fly out, F4 (Line Drive, 34)
Bottom of the 2nd over - 0 runs, 1 hit, 0 errors, 0 left on base; Tuscaloosa 0 - Allentown 0
TOP OF THE 3RD
Tuscaloosa Trout Slayers batting - Pitching for Allentown Hillbillies : RHP Cory Powell
Batting: RHB Augusto Baca 0-0: Called Strike
0-1: Ball
1-1: Ground out 5-3 (Groundball, 56)
Batting: SHB António Ramírez 0-0: Ball
1-0: DOUBLE (Line Drive, 9LM)
Batting: RHB Greg Lee 0-0: Ball
1-0: Ground out 6-3 (Groundball, 6)
Batting: LHB Manuel Ortega 0-0: Ground out 4-3 (Groundball, 34)
Top of the 3rd over - 0 runs, 1 hit, 0 errors, 1 left on base; Tuscaloosa 0 - Allentown 0
BOTTOM OF THE 3RD
Allentown Hillbillies batting - Pitching for Tuscaloosa Trout Slayers : RHP Rafael Ramírez
Batting: RHB Justin Harris 0-0: SINGLE (Line Drive, 89S)
Batting: RHB Juan Magdayao 0-0: Ball
1-0: 2-RUN HOME RUN (Flyball, 7LD), Distance : 375 ft
Batting: LHB Júlio Lorenzo 0-0: Called Strike
0-1: Hit by Pitch
Batting: SHB Travis Martin 0-0: Ball
1-0: Ball
Júlio Lorenzo steals 2nd base
2-0: Foul Ball, location: 2F
2-1: Swinging Strike
2-2: Fly out, F5 (Line Drive, 5S)
Batting: RHB Albert Lutz 0-0: Called Strike
0-1: Ball
1-1: Called Strike
1-2: Ball
2-2: Ground out U3 (Groundball, 34)
Júlio Lorenzo to third
Batting: RHB Germano Labrego 0-0: Ball
1-0: Called Strike
1-1: Ball
2-1: Foul Ball, location: 2F
2-2: Ball
3-2: Foul Ball, location: 2F
3-2: Foul Ball, location: 2F
3-2: Base on Balls
Batting: RHB Germán Romero 0-0: Fly out, F7 (Flyball, 7LSF)
Bottom of the 3rd over - 2 runs, 2 hits, 0 errors, 2 left on base; Tuscaloosa 0 - Allentown 2
TOP OF THE 4TH
Tuscaloosa Trout Slayers batting - Pitching for Allentown Hillbillies : RHP Cory Powell
Batting: LHB Ed Murray 0-0: Called Strike
0-1: Ball
1-1: Swinging Strike
1-2: Ball
2-2: Ball
3-2: TRIPLE (Groundball, 3L)
Batting: LHB Eddy Jefferson 0-0: Ball
1-0: Ball
2-0: Ball
3-0: Base on Balls
Batting: LHB Marcos Villarreal 0-0: Ball
1-0: Fly out, F8 (Flyball, 8RXD)
Runner from 3rd tags up, SCORES, no throw
Batting: LHB Ed Hart 0-0: Grounds into double play, 6-4-3 (Groundball, 6)
Top of the 4th over - 1 run, 1 hit, 0 errors, 0 left on base; Tuscaloosa 1 - Allentown 2
BOTTOM OF THE 4TH
Allentown Hillbillies batting - Pitching for Tuscaloosa Trout Slayers : RHP Rafael Ramírez
Batting: RHB Jeff Townsley 0-0: Fly out, F8 (Line Drive, 89M)
Batting: RHB Von Ford 0-0: Ball
1-0: Called Strike
1-1: Foul Ball, location: 2F
1-2: SINGLE (Line Drive, 6MD)
Batting: RHB Justin Harris 0-0: Ball
1-0: Grounds into double play, 6-4-3 (Groundball, 6)
Bottom of the 4th over - 0 runs, 1 hit, 0 errors, 0 left on base; Tuscaloosa 1 - Allentown 2
TOP OF THE 5TH
Tuscaloosa Trout Slayers batting - Pitching for Allentown Hillbillies : RHP Cory Powell
Batting: RHB José Pinto 0-0: Swinging Strike
0-1: Called Strike
0-2: Ball
1-2: Ball
2-2: Strikes out swinging
Batting: RHB Augusto Baca 0-0: Called Strike
0-1: Ball
1-1: SINGLE (Groundball, 6MD)
Batting: SHB António Ramírez 0-0: Ball
1-0: SINGLE (Groundball, 34D)
Augusto Baca to second
Runner from 2nd tries for 3rd, SAFE, no throw
Batting: RHB Greg Lee 0-0: Fly out, F3 (Popup, 4S)
Batting: LHB Manuel Ortega 0-0: Ball
1-0: Ball
2-0: Called Strike
2-1: Foul Ball, location: 2F
2-2: Ball
3-2: Foul Ball, location: 2F
3-2: SINGLE (Groundball, 5S) (infield hit)
Augusto Baca scores
António Ramírez to second
Batting: LHB Ed Murray 0-0: Called Strike
0-1: Ball
1-1: Ball
2-1: Ball
3-1: Base on Balls
António Ramírez to third
Manuel Ortega to second
Pitching: RHP Millard Manning
Batting: LHB Eddy Jefferson 0-0: Ball
1-0: Called Strike
1-1: Foul Ball, location: 2F
1-2: Ground out 4-3 (Groundball, 4)
Top of the 5th over - 1 run, 3 hits, 0 errors, 3 left on base; Tuscaloosa 2 - Allentown 2
BOTTOM OF THE 5TH
Allentown Hillbillies batting - Pitching for Tuscaloosa Trout Slayers : RHP Rafael Ramírez
Batting: RHB Juan Magdayao 0-0: Ball
1-0: Swinging Strike
1-1: Ball
2-1: Called Strike
2-2: Foul Ball, location: 2F
2-2: Strikes out swinging
Batting: LHB Júlio Lorenzo 0-0: Called Strike
0-1: Ball
1-1: Ball
2-1: Called Strike
2-2: Foul Ball, location: 2F
2-2: Fly out, F7 (Flyball, 7D)
Batting: SHB Travis Martin 0-0: Ground out 4-3 (Groundball, 4)
Bottom of the 5th over - 0 runs, 0 hits, 0 errors, 0 left on base; Tuscaloosa 2 - Allentown 2
TOP OF THE 6TH
Tuscaloosa Trout Slayers batting - Pitching for Allentown Hillbillies : RHP Millard Manning
Batting: LHB Marcos Villarreal 0-0: Foul Ball, location: 2F
0-1: Ball
1-1: Ground out 4-3 (Groundball, 6MS)
Batting: LHB Ed Hart 0-0: Foul Ball, location: 2F
0-1: Ball
1-1: Swinging Strike
1-2: Strikes out swinging
Batting: RHB José Pinto 0-0: Called Strike
0-1: Ball
1-1: Called Strike
1-2: Ball
2-2: SINGLE (Line Drive, 89S)
Batting: RHB Augusto Baca 0-0: Called Strike
José Pinto steals 2nd base
0-1: Called Strike
0-2: Ball
1-2: Foul Ball, location: 2F
1-2: Ball
2-2: Foul Ball, location: 2F
2-2: Ground out 5-3 (Groundball, 56)
Top of the 6th over - 0 runs, 1 hit, 0 errors, 1 left on base; Tuscaloosa 2 - Allentown 2
BOTTOM OF THE 6TH
Allentown Hillbillies batting - Pitching for Tuscaloosa Trout Slayers : RHP Rafael Ramírez
Batting: RHB Albert Lutz 0-0: Ball
1-0: Fly out, F9 (Flyball, 9D)
Batting: RHB Germano Labrego 0-0: Ball
1-0: Foul Ball, location: 2F
1-1: SINGLE (Groundball, 34D)
Batting: RHB Germán Romero 0-0: Called Strike
0-1: Foul Ball, location: 2F
0-2: Fly out, F8 (Flyball, 8RM)
Batting: RHB Jeff Townsley Pickoff Throw to First - Out!
Bottom of the 6th over - 0 runs, 1 hit, 0 errors, 0 left on base; Tuscaloosa 2 - Allentown 2
TOP OF THE 7TH
Tuscaloosa Trout Slayers batting - Pitching for Allentown Hillbillies : RHP Millard Manning
Batting: SHB António Ramírez 0-0: Ball
1-0: Ball
2-0: Foul Ball, location: 2F
2-1: Swinging Strike
2-2: Foul Ball, location: 2F
2-2: Ball
3-2: Foul Ball, location: 2F
3-2: Ground out 5-3 (Groundball, 56S)
Batting: RHB Greg Lee 0-0: SINGLE (Groundball, 6MD)
Batting: LHB Manuel Ortega 0-0: Called Strike
0-1: Ball
1-1: Ball
2-1: Ball
3-1: Base on Balls
Greg Lee to second
Batting: LHB Ed Murray 0-0: Foul Ball, location: 2F
0-1: Called Strike
0-2: Hit by Pitch
Greg Lee to third
Manuel Ortega to second
Pinch Hitting: LHB Ethan Shaw 0-0: Ball
1-0: Called Strike
1-1: Called Strike
1-2: SINGLE (Groundball, 4D)
Greg Lee scores
Manuel Ortega to third
Ed Murray to second
Runner from 3rd tries for Home, SAFE, no throw
Pitching: RHP Mike Pierce
Batting: LHB Marcos Villarreal 0-0: Ball
1-0: Ball
2-0: Called Strike
2-1: Swinging Strike
2-2: Ball
3-2: 3-RUN HOME RUN (Flyball, 9LD), Distance : 376 ft
Batting: LHB Ed Hart 0-0: Ball
1-0: Called Strike
1-1: Swinging Strike
1-2: Ball
2-2: Strikes out swinging
Batting: RHB José Pinto 0-0: Ground out 6-3 (Groundball, 6)
Top of the 7th over - 5 runs, 3 hits, 0 errors, 0 left on base; Tuscaloosa 7 - Allentown 2
BOTTOM OF THE 7TH
Allentown Hillbillies batting - Pitching for Tuscaloosa Trout Slayers : RHP Rafael Ramírez
Now in RF: Ethan Shaw
Batting: RHB Jeff Townsley 0-0: Ball
1-0: Ball
2-0: Ball
3-0: Called Strike
3-1: Foul Ball, location: 2F
3-2: SINGLE (Line Drive, 89S)
Batting: RHB Von Ford 0-0: Called Strike
0-1: Ball
Jeff Townsley steals 2nd base
1-1: Fly out, F9 (Line Drive, 9)
Batting: RHB Justin Harris 0-0: Ball
Jeff Townsley steals 3rd base
1-0: Ball
2-0: Called Strike
2-1: Foul Ball, location: 2F
2-2: Strikes out swinging
Batting: RHB Juan Magdayao 0-0: Ball
1-0: Called Strike
1-1: Called Strike
1-2: Strikes out swinging
Bottom of the 7th over - 0 runs, 1 hit, 0 errors, 1 left on base; Tuscaloosa 7 - Allentown 2
TOP OF THE 8TH
Tuscaloosa Trout Slayers batting - Pitching for Allentown Hillbillies : RHP Mike Pierce
Batting: RHB Augusto Baca 0-0: Foul Ball, location: 2F
0-1: Ball
1-1: Ball
2-1: DOUBLE (Line Drive, 9LM)
Batting: SHB António Ramírez 0-0: Ball
1-0: Called Strike
1-1: Ground out 3-1 (Groundball, 34)
Augusto Baca to third
Batting: RHB Greg Lee 0-0: Ground out 4-3 (Groundball, 34S)
Batting: LHB Manuel Ortega 0-0: Ball
1-0: Ball
2-0: Ball
3-0: Called Strike
3-1: Swinging Strike
3-2: Foul Ball, location: 2F
3-2: Foul Ball, location: 2F
3-2: Foul Ball, location: 2F
3-2: Foul Ball, location: 2F
3-2: Base on Balls
Batting: LHB Ed Murray 0-0: Ball
1-0: Ball
Manuel Ortega steals 2nd base
2-0: Swinging Strike
2-1: Foul Ball, location: 2F
2-2: Ball
3-2: Strikes out looking
Top of the 8th over - 0 runs, 1 hit, 0 errors, 2 left on base; Tuscaloosa 7 - Allentown 2
BOTTOM OF THE 8TH
Allentown Hillbillies batting - Pitching for Tuscaloosa Trout Slayers : RHP Rafael Ramírez
Batting: LHB Júlio Lorenzo 0-0: Ball
1-0: SINGLE (Flyball, 7LS)
Batting: SHB Travis Martin 0-0: Ball
1-0: Grounds into double play, 5-4-3 (Groundball, 56)
Batting: RHB Albert Lutz 0-0: Foul Ball, location: 2F
0-1: Ball
1-1: Ball
2-1: Ground out 3-1 (Groundball, 34S)
Bottom of the 8th over - 0 runs, 1 hit, 0 errors, 0 left on base; Tuscaloosa 7 - Allentown 2
TOP OF THE 9TH
Tuscaloosa Trout Slayers batting - Pitching for Allentown Hillbillies : RHP Mike Pierce
Batting: LHB Ethan Shaw 0-0: SINGLE (Line Drive, 4MD)
Batting: LHB Marcos Villarreal 0-0: Ball
1-0: Ball
2-0: Fielders Choice at 2nd, 4-6 (Groundball, 34)
Batting: LHB Ed Hart 0-0: Called Strike
0-1: Ball
1-1: Ball
2-1: Fly out, F8 (Flyball, 8LXD)
Batting: RHB José Pinto 0-0: Called Strike
0-1: Called Strike
0-2: Ball
1-2: Foul Ball, location: 2F
1-2: Ball
2-2: SINGLE (Groundball, 4D)
Marcos Villarreal to second
Runner from 2nd tries for 3rd, SAFE, no throw
Batting: RHB Augusto Baca Balk!
Marcos Villarreal scores
José Pinto to second
0-0: Ball
1-0: Swinging Strike
1-1: Ball
2-1: Ground out U3 (Groundball, 23)
Top of the 9th over - 1 run, 2 hits, 0 errors, 1 left on base; Tuscaloosa 8 - Allentown 2
BOTTOM OF THE 9TH
Allentown Hillbillies batting - Pitching for Tuscaloosa Trout Slayers : RHP Rafael Ramírez
Now at 3B: Pedro Juárez
Batting: RHB Germano Labrego 0-0: Ball
1-0: Called Strike
1-1: SINGLE (Groundball, 56D)
Batting: RHB Germán Romero 0-0: Swinging Strike
0-1: Fly out, F7 (Flyball, 78M)
Batting: RHB Jeff Townsley 0-0: Ball
1-0: Ball
2-0: Foul Ball, location: 2F
2-1: Foul Ball, location: 2F
2-2: Foul Ball, location: 2F
2-2: Foul Ball, location: 2F
2-2: Foul Ball, location: 2F
2-2: Fielders Choice at 2nd, 4-6 (Groundball, 4M)
Batting: RHB Von Ford 0-0: Ball
1-0: Ball
2-0: Ground out 4-3 (Groundball, 4MS)
Bottom of the 9th over - 0 runs, 1 hit, 0 errors, 1 left on base; Tuscaloosa 8 - Allentown 2
Saturday, April 7th, 2018 - OOTP Baseball 18.8 Build 76